 Dungeon Crawl Stone Soup version 0.26-a0-682-g294304f6e8 (webtiles) character file.

Game seed: 7829091212738222309

44 PentaManta the Ruffian (level 3, -2/31 HPs)
             Began as a Ghoul Fighter on Oct 20, 2020.
             Was an Initiate of Makhleb.
             Slain by Sigmund
             ... wielding a +0 scythe
              (8 damage)
             ... on level 2 of the Dungeon.
             The game lasted 00:02:04 (1205 turns).

PentaManta the Ruffian (Ghoul Fighter)              Turns: 1205, Time: 00:02:05

Health: -2/31      AC:  6    Str: 20    XL:     3   Next: 62%
Magic:  2/2        EV:  7    Int:  3    God:    Makhleb [......]
Gold:   40         SH:  8    Dex:  8    Spells: 2/2 levels left

rFire    . . .     SeeInvis .     - Unarmed
rCold    + . .     Faith    .   b - +0 kite shield
rNeg     + + +     Spirit   .   a - +0 scale mail
rPois    ∞         Reflect  .   (no helmet)
rElec    .         Harm     .   (no cloak)
rCorr    .         Rampage  .   (no gloves)
MR       .....                  (no boots)
Stlth    ..........             (no amulet)
HPRegen  0.00/turn              (no ring)
MPRegen  0.08/turn              (no ring)

@: flying, very slightly contaminated, invisible
A: rotting body, claws 1, cold resistance 1, negative energy resistance 3,
inhibited regeneration, torment resistance, unbreathing
a: Renounce Religion


You were on level 2 of the Dungeon.
You worshipped Makhleb.
Makhleb was noncommittal.
You visited 1 branch of the dungeon, and saw 2 of its levels.

You collected 40 gold pieces.

Inventory:

Hand Weapons
 h - a +0 hunting sling
Missiles
 g - 14 sling bullets
Armour
 a - a +0 scale mail (worn)
 b - a +0 kite shield (worn)
Potions
 c - a potion of might


   Skills:
 - Level 3.2 Fighting
 - Level 2.6 Armour
 - Level 2.6 Shields
 + Level 4.3 Unarmed Combat


You had 2 spell levels left.
You didn't know any spells.
Your spell library was empty.

Dungeon Overview and Level Annotations

Branches:
Dungeon (2/15)

Altars:
Makhleb

Annotations:
D:2 Sigmund


Innate Abilities, Weirdness & Mutations

Your body is rotting away.
You thrive by killing the living.
You are immune to poison.
You have sharp fingernails.
Your flesh is cold resistant. (rC+)
You are immune to negative energy. (rN+++)
You do not regenerate when monsters are visible.
You are immune to unholy pain and torment.
You can survive without breathing.


Message History

You are very lightly contaminated with residual magic.
You bump into the rock wall.
You feel less confused. Something hits you.
You barely miss something. You miss something. Something hits you!
You closely miss something. Something hits you!
You barely miss something.
You hear some strange, mumbled words.
A puff of flame appears from out of thin air!
You block the puff of flame.
You miss something. Something hits you.
You miss something. You barely miss something. You block something's attack.
Unknown command.
You barely miss something. Something hits you.
* * * LOW HITPOINT WARNING * * *
You miss something. You scratch something. Something hits you!
You die...

#.#.. #.#.# #. ...#.##
#.#.# ## . ..# #.#.. ..
#.# #.# #.# #.# #.##
#.# #?.# #.#
#.####(#######.########
#......{@......#......#
#######.#####..#.####.#
#..# #..#.####.### ##.#
#..).#....... .#
##.###.##.### ..
##........# #.#
#...##.#### .. #...##.#
#.##...##<#


There were no monsters in sight!

Vanquished Creatures
  2 worms (D:2)
  A dart slug (D:1)
  2 giant cockroaches
  4 goblins
  6 hobgoblins
  4 jackals (D:1)
  A quokka (D:2)
  A ball python (D:1)
  4 bats (D:1)
  2 frilled lizards
  4 kobolds
  4 rats (D:1)
35 creatures vanquished.

Notes
Turn   | Place    | Note
-------+----------+-------------------------------------------
     0 | D:1      | PentaManta the Ghoul Fighter began the quest for the Orb.
     0 | D:1      | Reached XP level 1. HP: 19/19 MP: 0/0
    80 | D:1      | Reached skill level 3 in Unarmed Combat
    80 | D:1      | Reached XP level 2. HP: 26/26 MP: 1/1
   358 | D:1      | Reached XP level 3. HP: 31/31 MP: 2/2
   818 | D:2      | Found a burning altar of Makhleb.
   835 | D:2      | Became a worshipper of Makhleb the Destroyer
   854 | D:2      | Reached skill level 4 in Unarmed Combat
   869 | D:2      | Noticed Sigmund
  1205 | D:2      | Slain by Sigmund

Illustrated notes

Levels and vault maps discovered:
D:1:      wheals_arrival_linesprint, layout_rooms, moated_statue
D:2:      layout_basic, overflow_temple_1_default,
          gammafunk_temple_overflow_elements, uniq_sigmund

Skill      XL: |  1  2  3 |
---------------+----------+-----
Unarmed Combat | 3 4 |  4.3
Fighting       | |  3.2
Armour         | |  2.6
Shields        | |  2.6

Action                   || total
-------------------------++-------
Melee: Unarmed           ||   155
  Use: Potion            ||     2
       Scroll            ||     1
Armor: Scale mail        ||    66
Dodge: Dodged            ||    29
Block: Kite shield       ||    69

Table legend: (Time is in decaauts)
 A = Elapsed time spent in this place.
 B = Non-inter-level travel time spent in this place.
 C = Inter-level travel time spent in this place.
 D = Time resting spent in this place.
 E = Time spent auto-exploring this place.
 F = Levels seen in this place.
 G = Mean time per level.
                   A        B        C        D        E       F      G
               +--------+--------+--------+--------+--------+-----+--------+
         Total |   1208 |   1063 |    145 |    153 |    626 |   2 |  604.0 |
       Dungeon |   1208 |   1063 |    145 |    153 |    626 |   2 |  604.0 |
               +--------+--------+--------+--------+--------+-----+--------+

Top non-repeatable levels by time:
     D:1: 841 daAuts
     D:2: 367 daAuts
